 Dungeon Crawl Stone Soup version 0.31.0-9-g3a7656b989 (webtiles) character file.

Game seed: 5622019165003499266

113 qw the Ducker (level 4, 0/23 HPs)
             Began as a Spriggan Hunter on Feb 2, 2024.
             Succumbed to Eustachio's poison
             ... on level 4 of the Dungeon.
             The game lasted 00:00:09 (2374 turns).

qw the Ducker (Spriggan Hunter)                     Turns: 2374, Time: 00:00:09

Health: 0/23       AC:  3    Str:  7    XL:     4   Next: 65%
Magic:  0/5        EV: 25    Int: 10    God:
Gold:   184        SH:  0    Dex: 20    Spells: 3/3 levels left

rFire   . . .        a - +0 shortbow
rCold   . . .        (shield currently unavailable)
rNeg    . . .        c - +0 robe
rPois   .            (helmet restricted)
rElec   .            g - +0 cloak
rCorr   .            (gloves unavailable)
SInv    +            (boots unavailable)
Will    .....        k - amulet of guardian spirit
Stlth   ++           h - +5 ring of evasion
HPRegen 0.23/turn    (no ring)
MPRegen 0.09/turn

%: guardian spirit
@: lethally poisoned (0 -> -4), very quick
A: very small, no large weapons, unfitting armour, see invisible, speed 3
a: no special abilities


You were on level 4 of the Dungeon.
You visited 1 branch of the dungeon, and saw 4 of its levels.

You collected 184 gold pieces.


Innate Abilities, Weirdness & Mutations

You are very small and have problems with some larger weapons.
You are too small for most types of armour.
You have supernaturally acute eyesight. (SInv)
You cover ground extremely quickly. (Speed+++)


   Skills:
 + Level 1.7 Fighting
 - Level 5.0 Ranged Weapons
 - Level 5.1 Dodging
 - Level 1.5 Stealth


You had 3 spell levels left.
You didn't know any spells.
Your spell library was empty.

Inventory:

Hand Weapons
 a - a +0 shortbow (weapon)
Armour
 c - a +0 robe (worn)
 g - a +0 cloak (worn)
Jewellery
 h - a +5 ring of evasion (left hand)
 k - an amulet of guardian spirit (around neck)
Wands
 d - a wand of roots (8)
Potions
 i - a potion of enlightenment
 l - a potion of might

Dungeon Overview and Level Annotations

Branches:
Dungeon (4/15)
 Temple: D:4-7

Altars:

Annotations:
D:4 Eustachio


Message History

You feel sick.
You shoot an arrow. The arrow barely misses Eustachio.
The arrow hits the white imp.
The white imp is lightly wounded.
You feel sick.
Eustachio hits you with a +1 rapier of venom.
You are lethally poisoned!
Eustachio gestures wildly while chanting.
Eustachio blinks!
You shoot an arrow. The arrow closely misses the white imp.
You feel very sick. The white imp gestures at you. The puff of frost hits you.
Eustachio casts a spell.
2370 ||| DRINKING potion of heal wounds.
You feel much better.
You feel very sick. The white imp gestures at you. The puff of frost hits you!
You shoot an arrow.
The arrow hits the white imp but does no damage.
The white imp is lightly wounded.
You feel very sick. The white imp hits you. The white imp freezes you.
You shoot an arrow. The arrow barely misses the white imp.
The arrow hits the white imp.
The white imp is moderately wounded.
You feel sick. The white imp completely misses you.
You shoot an arrow. The arrow barely misses the white imp.
The arrow hits the white imp!
You kill the white imp!
The white imp disappears in a puff of smoke!
You feel sick.
The white imp shouts, "Decamp, thou pottle-deep spur-galled whip-jack!"
The white imp gestures at you. The puff of frost misses you.
You shoot an arrow. The arrow barely misses the white imp.
The arrow hits Eustachio!
Eustachio is heavily wounded.
You die...

......... ...........
.......... #..........
##........#####.........
........#.............#
........####.........##
.........¤.5.#.##.5.## .#
..........####.5...###...#
..........########.......#
........#.......@5¤@r....#
...#...############.####..
........####... .#
#######......# ## ########


You could see Eustachio, a white imp (summoned) and a rat (summoned).

Vanquished Creatures
  A hound (D:3)
  6 dart slugs
  2 orcs (D:3)
  5 endoplasms
  3 giant cockroaches
  5 goblins
  10 hobgoblins
  4 jackals (D:2)
  5 kobolds
  A quokka (D:1)
  8 ball pythons
  4 bats
  3 frilled lizards (D:1)
  7 rats
64 creatures vanquished.

Notes
Turn   | Place    | Note
-------+----------+-------------------------------------------
     0 | D:1      | qw the Spriggan Hunter began the quest for the Orb.
     0 | D:1      | Reached XP level 1. HP: 10/10 MP: 2/2
     0 | D:1      | 0 ||| qw: Version: 0.3-a-155-g5e7d8dd
     0 | D:1      | 0 ||| qw: Game counter: 1962
     0 | D:1      | 0 ||| qw: Melee chars always use a shield: true
     0 | D:1      | 0 ||| qw: God list: Okawaru
     0 | D:1      | 0 ||| qw: Allow faded altars: false
     0 | D:1      | 0 ||| qw: Do Orc after clearing Dungeon:15 true
     0 | D:1      | 0 ||| qw: Do second Lair branch before Depths: true
     0 | D:1      | 0 ||| qw: Lair rune preference: random
     0 | D:1      | 0 ||| qw: Goals: Normal
     0 | D:1      | 0 ||| PLANNING D:1-11
    33 | D:1      | Reached skill level 3 in Dodging
   201 | D:1      | Reached XP level 2. HP: 14/14 MP: 3/3
   309 | D:1      | Reached XP level 3. HP: 18/18 MP: 4/4
   713 | D:1      | 713 ||| UPGRADING to +5 ring of evasion.
   714 | D:1      | 714 ||| READING scroll labelled ACKIRO FANOCLA.
   715 | D:1      | 715 ||| READING scroll labelled SEPE ZUIRUYV.
   716 | D:1      | 716 ||| READING scroll labelled CAYM VIADDUMIY.
   716 | D:1      | 716 ||| IDENTIFYING glowing clear potion
   717 | D:1      | 717 ||| DRINKING 2 lumpy red potions.
   718 | D:1      | 718 ||| DRINKING 2 fuming golden potions.
   719 | D:1      | 719 ||| DROPPING scroll of butterflies.
   720 | D:1      | 720 ||| DROPPING potion of attraction.
   861 | D:2      | 861 ||| FLEEEEING.
   862 | D:2      | 862 ||| FLEEEEING.
  1414 | D:2      | 1414 ||| UPGRADING to amulet of guardian spirit.
  1419 | D:2      | 1419 ||| READING scroll labelled TEZOOCREQE.
  1424 | D:2      | 1424 ||| READING scroll labelled QOAMOU GOCO.
  1551 | D:3      | Reached XP level 4. HP: 22/22 MP: 5/5
  2224 | D:3      | 2224 ||| UPGRADING to +0 cloak.
  2229 | D:3      | 2229 ||| READING 3 scrolls of identify.
  2229 | D:3      | 2229 ||| IDENTIFYING smoky purple potion
  2230 | D:3      | 2230 ||| READING 2 scrolls of identify.
  2230 | D:3      | 2230 ||| IDENTIFYING sedimented green potion
  2231 | D:3      | 2231 ||| READING scroll of identify.
  2231 | D:3      | 2231 ||| IDENTIFYING sapphire potion
  2232 | D:3      | 2232 ||| DROPPING potion of brilliance.
  2289 | D:4      | Noticed Eustachio
  2290 | D:4      | 2290 ||| DRINKING potion of haste.
  2299 | D:4      | 2299 ||| RETREEEEATING.
  2300 | D:4      | 2300 ||| RETREEEEATING.
  2305 | D:4      | 2305 ||| RETREEEEATING.
  2306 | D:4      | 2306 ||| RETREEEEATING.
  2308 | D:4      | 2308 ||| RETREEEEATING.
  2313 | D:4      | 2313 ||| RETREEEEATING.
  2315 | D:4      | 2315 ||| RETREEEEATING.
  2332 | D:4      | 2332 ||| RETREEEEATING.
  2335 | D:4      | 2335 ||| RETREEEEATING.
  2336 | D:4      | 2336 ||| RETREEEEATING.
  2337 | D:4      | 2337 ||| RETREEEEATING.
  2348 | D:4      | 2348 ||| RETREEEEATING.
  2349 | D:4      | 2349 ||| RETREEEEATING.
  2350 | D:4      | 2350 ||| RETREEEEATING.
  2352 | D:4      | 2352 ||| RETREEEEATING.
  2353 | D:4      | 2353 ||| RETREEEEATING.
  2355 | D:4      | 2355 ||| RETREEEEATING.
  2356 | D:4      | 2356 ||| RETREEEEATING.
  2357 | D:4      | 2357 ||| RETREEEEATING.
  2359 | D:4      | 2359 ||| RETREEEEATING.
  2362 | D:4      | 2362 ||| RETREEEEATING.
  2366 | D:4      | 2366 ||| RETREEEEATING.
  2369 | D:4      | HP: 5/23 [white imp/puff of frost[Eustachio] (2)]
  2370 | D:4      | 2370 ||| DRINKING potion of heal wounds.
  2373 | D:4      | HP: 1/23 [poisoned by Eustachio]
  2374 | D:4      | Succumbed to Eustachio's poison

Levels and vault maps discovered:
D:1:      psy_arrival_fountain, layout_loops_ring, minmay_tetromino_l4
D:2:      layout_loops_ring
D:3:      layout_loops_corners, chequers_arboretum
D:4:      layout_rooms, uniq_eustachio

Skill      XL: |  1  2  3  4 |
---------------+-------------+-----
Dodging        | 3 4 5 |  5.1
Ranged Weapons | 5 |  5.0
Fighting       | |  1.7
Stealth        | |  1.5

Action                     |  1- 3 |  4- 6 || total
---------------------------+-------+-------++-------
   Fire: Shortbow          |   112 |    98 ||   210
    Use: Scroll            |     5 |     3 ||     8
         Potion            |     2 |     2 ||     4
 Armour: Robe              |     1 |    15 ||    16
  Dodge: Dodged            |    18 |    86 ||   104

Table legend:
 A = Non-vault XP
 B = Vault XP
 C = Vault XP percentage of total XP
 D = Non-vault monster count
 E = Vault monster count
 F = Vault count percentage of total count
                 A         B        C        D         E       F
            +---------+---------+-------+---------+---------+-------
      Total |     156 |       6 |   3.7 |      62 |       2 |   3.1
            +---------+---------+-------+---------+---------+-------
        D:1 |      52 |       6 |  10.3 |      29 |       2 |   6.5
        D:2 |      30 |       0 |   0.0 |      15 |       0 |   0.0
        D:3 |      70 |       0 |   0.0 |      16 |       0 |   0.0
        D:4 |       4 |       0 |   0.0 |       2 |       0 |   0.0
            +---------+---------+-------+---------+---------+-------
